 Dungeon Crawl Stone Soup version 0.30-a0-723-gc1506a1cf0 (webtiles) character file.

Game seed: 12452124149742588924

466 jimonade the Skirmisher (level 7, -21/50 HPs)
             Began as a Formicid Hunter on Jan 29, 2023.
             Demolished by an ogre
             ... wielding a +0 giant club
              (25 damage)
             ... on level 3 of the Dungeon.
             The game lasted 00:06:28 (2377 turns).

jimonade the Skirmisher (Formicid Hunter)           Turns: 2377, Time: 00:06:29

Health: -21/50     AC:  6    Str: 15    XL:     7   Next: 30%
Magic:  7/7        EV: 11    Int:  9    God:
Gold:   219        SH:  0    Dex: 19    Spells: 6/6 levels left

rFire   . . .      SeeInvis +    a - +0 shortbow
rCold   + . .      Faith    .    (no shield)
rNeg    . . .      Spirit   .    v - +0 ring mail
rPois   .          Reflect  .    (helmet unavailable)
rElec   .          Harm     .    k - +0 cloak
rCorr   .          Rampage  .    (no gloves)
Will    .....                    (no boots)
Stlth   +                        (no amulet)
HPRegen 0.28/turn                u - ring of protection from cold
MPRegen 0.10/turn                (no ring)

@: no status effects
A: permanent stasis, dig shafts and tunnels, antennae 3, four strong arms
a: Dig, Shaft Self


You were on level 3 of the Dungeon.
You visited 1 branch of the dungeon, and saw 4 of its levels.

You collected 219 gold pieces.

Inventory:

Hand Weapons
 a - a +0 shortbow (weapon)
 w - a +0 vampiric dagger
Missiles
 n - 2 boomerangs
Armour
 c - a +0 leather armour
 k - a +0 cloak (worn)
 v - a +0 ring mail (worn)
Magical Staves
 l - a staff of death
Jewellery
 t - a ring of ice
 u - a ring of protection from cold (left hand)
Wands
 x - a wand of charming (17)
Scrolls
 b - a scroll of immolation
 g - a scroll of enchant weapon {unknown}
 h - a scroll of fear {unknown}
 i - 3 scrolls of amnesia {unknown}
 j - a scroll of blinking {unknown}
 m - a scroll of vulnerability {unknown}
 o - 2 scrolls of identify {unknown}
 p - 6 scrolls of teleportation {unknown}
 r - 2 scrolls of noise {unknown}
Potions
 d - 3 potions of curing {unknown}
 e - 3 potions of lignification {unknown}
 f - 6 potions of flight {unknown}
 q - 3 potions of brilliance {unknown}
 s - a potion of resistance {unknown}


   Skills:
 - Level 2.1 Fighting
 + Level 8.3 Ranged Weapons
 - Level 1.7 Dodging
 - Level 1.2 Stealth


You had 6 spell levels left.
You didn't know any spells.
Your spell library was empty.

Dungeon Overview and Level Annotations

Branches:
Dungeon (4/15)
 Temple: D:4-7

Altars:

Shops:
D:2 (   D:4 *!**


Innate Abilities, Weirdness & Mutations

You cannot be hasted, slowed, berserked, paralysed or teleported.
You can dig through walls and to a lower floor.
You have a pair of large antennae on your head. (SInv)
Your four strong arms can wield two-handed weapons with a shield.


Message History

You shoot an arrow. The arrow hits the ogre!
The ogre is moderately wounded.
You shoot an arrow. The arrow barely misses the ogre.
The arrow hits the gnoll!
The gnoll is almost dead.
The ogre hits you with a +0 giant club!!
Ouch! That really hurt!
You climb upwards.
There is a stone staircase leading down here.
You are too injured to fight recklessly!
You are too injured to fight recklessly!
Non-targeted abil: Dig
Press: ? - help, Q - select action, (/) - cycle Dir - look around, f - activate You extend your mandibles.
Fire: a) +0 shortbow
Press: ? - help, Q - select action, (/) - cycle Shift-Dir - straight line, f - ogre
Aim: an ogre, wielding a +0 giant club (moderately wounded, 79% to hit)
You shoot an arrow. The arrow hits the ogre!
The ogre is heavily wounded.
The ogre barely misses you.
Fire: a) +0 shortbow
Press: ? - help, Q - select action, (/) - cycle Shift-Dir - straight line, f/p - ogre
Aim: an ogre, wielding a +0 giant club (heavily wounded, 79% to hit)
You shoot an arrow. The arrow hits the ogre!
The ogre is almost dead.
The ogre hits you with a +0 giant club!!
* * * LOW HITPOINT WARNING * * *
Fire: a) +0 shortbow
Press: ? - help, Q - select action, (/) - cycle Shift-Dir - straight line, f/p - ogre
Aim: an ogre, wielding a +0 giant club (almost dead, 79% to hit)
You shoot an arrow. The arrow hits the ogre.
The ogre is almost dead.
Fire: a) +0 shortbow
Press: ? - help, Q - select action, (/) - cycle Shift-Dir - straight line, f/p - ogre
Aim: an ogre, wielding a +0 giant club (almost dead, 79% to hit)
You shoot an arrow.
The arrow hits the ogre but does no damage.
The ogre is almost dead.
The ogre hits you with a +0 giant club!!
Ouch! That really hurt!
You die...

#####.###### #.........##.......#
#..........###.........##.......#
#......................##.......#
#..........##................))..
#..........##.#......#####..).###
#########...#....##### ###..###
##..........## #.)....
#.........O..# #......
#.........@..# #......
#............# #......
##..........## #......
##...##...## #.<.... ##########
#...... #...... #######


You could see an ogre.

Vanquished Creatures
  Grinder (D:4)
  2 iguanas (D:4)
  An orc wizard (D:3)
  6 gnolls
  3 adders (D:2)
  7 worms
  2 dart slugs
  2 orcs (D:3)
  6 bats
  5 endoplasms
  6 giant cockroaches
  8 goblins
  4 hobgoblins
  3 jackals (D:1)
  4 kobolds
  A quokka (D:2)
  5 ball pythons
  2 frilled lizards (D:1)
  5 rats
73 creatures vanquished.

Notes
Turn   | Place    | Note
-------+----------+-------------------------------------------
     0 | D:1      | jimonade the Formicid Hunter began the quest for the Orb.
     0 | D:1      | Reached XP level 1. HP: 16/16 MP: 1/1
    92 | D:1      | Reached XP level 2. HP: 22/22 MP: 2/2
   164 | D:1      | Reached XP level 3. HP: 27/27 MP: 3/3
   429 | D:1      | Reached skill level 5 in Ranged Weapons
   577 | D:1      | Reached XP level 4. HP: 33/33 MP: 4/4
   680 | D:2      | Found Urchiove's Weapon Shop.
   799 | D:2      | Found a faded altar of an unknown god.
   963 | D:2      | Reached skill level 6 in Ranged Weapons
   963 | D:2      | Reached XP level 5. HP: 38/38 MP: 5/5
  1677 | D:4      | Reached XP level 6. HP: 32/44 MP: 6/6
  1797 | D:4      | Reached skill level 7 in Ranged Weapons
  1839 | D:4      | Found Daecvuypa's Assorted Antiques.
  1955 | D:4      | Found Appexi's Distillery.
  1961 | D:4      | Found Wokilaty's Assorted Antiques.
  2199 | D:4      | Found Ditareus's General Store.
  2220 | D:4      | Noticed Grinder
  2245 | D:4      | Killed Grinder
  2246 | D:4      | Reached skill level 8 in Ranged Weapons
  2246 | D:4      | Reached XP level 7. HP: 35/50 MP: 7/7
  2377 | D:3      | Demolished by an ogre

Illustrated notes

Levels and vault maps discovered:
D:1:      saegor_arrival_under_anarchy, layout_basic
D:2:      layout_rooms, basic_ecumenical_altar, serial_shops,
          nicolae_shop_bloodbath_and_beyond
D:3:      layout_rooms
D:4:      layout_cave_pods, serial_shops, shop_fountains, kennysheep_mini,
          kennysheep_mini_moat, nicolae_shop_trees, nicolae_square_shop,
          nicolae_wormholes, uniq_grinder

Skill      XL: |  1  2  3  4  5  6 |
---------------+-------------------+-----
Ranged Weapons | 5 6 8 |  8.3
Fighting       | |  2.1
Dodging        | |  1.7
Stealth        | |  1.2

Action                     |  1- 3 |  4- 6 |  7- 9 || total
---------------------------+-------+-------+-------++-------
   Fire: Shortbow          |    59 |   159 |     6 ||   224
Ability: Dig               |       |       |     1 ||     1
 Armour: Leather armour    |     3 |     7 |       ||    10
         Ring mail         |       |     5 |       ||     5
  Dodge: Dodged            |     7 |    16 |     1 ||    24

Table legend: (Time is in decaauts)
 A = Elapsed time spent in this place.
 B = Non-inter-level travel time spent in this place.
 C = Inter-level travel time spent in this place.
 D = Time resting spent in this place.
 E = Time spent auto-exploring this place.
 F = Levels seen in this place.
 G = Mean time per level.
                   A        B        C        D        E       F      G
               +--------+--------+--------+--------+--------+-----+--------+
         Total |   2433 |   2285 |    148 |      0 |   1710 |   4 |  608.2 |
       Dungeon |   2433 |   2285 |    148 |      0 |   1710 |   4 |  608.2 |
               +--------+--------+--------+--------+--------+-----+--------+

Top non-repeatable levels by time:
     D:4: 795 daAuts
     D:1: 612 daAuts
     D:3: 552 daAuts
     D:2: 472 daAuts
